 Dungeon Crawl Stone Soup version 0.19.1-1-g22dce08 (webtiles) character file.

126 ponk the Grave Robber (level 4, -1/30 HPs)
             Began as a Mummy Necromancer on Jan 12, 2017.
             Slain by an adder (3 damage)
             ... on level 3 of the Dungeon.
             The game lasted 00:16:03 (4370 turns).

ponk the Grave Robber (Mummy Necromancer)           Turns: 4370, Time: 00:16:04

Health: -1/30      AC:  2    Str: 11    XL:     4   Next: 83%
Magic:  3/8        EV: 12    Int: 15    God:
Gold:   115        SH:  0    Dex: 12    Spells: 4 memorised, 2 levels left

rFire  x . .     SeeInvis .     h - +2 mace (crush)
rCold  + . .     Gourm    .     a - +0 robe
rNeg   + + +     Faith    .     (no shield)
rPois  ∞         Spirit   .     (no helmet)
rElec  .         Reflect  .     (no cloak)
rCorr  .         Harm     .     (no gloves)
MR     .....                    (no boots)
Stlth  ++........               (no amulet)
                                (no ring)
                                (no ring)

@: no status effects
A: no food or potions, fire vulnerability, cold resistance 1, negative energy
resistance 3, torment resistance, unbreathing
a: no special abilities


You were on level 3 of the Dungeon.
You were not hungry.

You visited 1 branch of the dungeon, and saw 3 of its levels.

You collected 115 gold pieces.

Inventory:

Hand Weapons
 f - a +0 spear
 h - a +2 mace of crushing (weapon)
Armour
 a - a +0 robe (worn)
Jewellery
 c - an uncursed ring of protection from magic {unknown}
Scrolls
 d - 3 scrolls of remove curse
 e - a scroll of enchant weapon
 j - a scroll of identify
Books
 b - a book of Necromancy

   Spells                             Type                      Level
   a - Pain                           Necromancy                   1
   b - Animate Skeleton               Necromancy                   1
   c - Vampiric Draining              Necromancy                   3
   d - Regeneration                   Charms/Necromancy            3
   e - Animate Dead                   Necromancy                   4
   f - Control Undead                 Necromancy                   4
 i - a book of Cantrips

   Spells                             Type                      Level
   a - Confusing Touch                Hexes                        1
   b - Animate Skeleton               Necromancy                   1
   c - Summon Small Mammal            Summoning                    1
   d - Apportation                    Translocation                1
Comestibles
 g - 4 fruits


   Skills:
 - Level 1.6 Dodging
 - Level 1.6 Stealth
 + Level 3.0 Spellcasting
 * Level 5.6 Necromancy


You had 2 spell levels left.
You knew the following spells:

 Your Spells              Type           Power        Failure   Level  Hunger
a - Pain                  Necr           ###.         1%          1    N/A
b - Animate Skeleton      Necr           N/A          1%          1    N/A
c - Animate Dead          Necr           N/A          24%         4    N/A
d - Summon Small Mammal   Summ           #...         21%         1    N/A

Dungeon Overview and Level Annotations

Branches:
Dungeon (3/15)

Altars:
Makhleb
Trog


Innate Abilities, Weirdness & Mutations

You do not eat or drink.
Your flesh is vulnerable to fire.
You are immune to poison.
Your flesh is cold resistant. (rC+)
You are immune to negative energy. (rN+++)
You are immune to unholy pain and torment.
You can survive without breathing.


Message History

The adder barely misses you. The jackal bites you.
The jackal closely misses you. The jackal barely misses you.
The adder closely misses you. The jackal misses you. The jackal bites you.
The adder barely misses you.
Casting: Pain
Confirm with . or Enter, or press ? or * to list all spells.
You don't have enough magic to cast that spell.
The adder bites you but does no damage. The jackal bites you.
* * * LOW HITPOINT WARNING * * *
The adder misses you. The jackal bites you.
* * * LOW HITPOINT WARNING * * *
The adder bites you.
* * * LOW HITPOINT WARNING * * *
You can't drink.
Okay, then.
The jackal bites you.
* * * LOW HITPOINT WARNING * * *
The adder bites you.
You die...

#####.....# ###
#.....# #.....#
#.....# #####
##....†###.....
#....Z$........
#.......†......
#..S...........
#.@h.........##
#.....$......#
#............#
#............#
##############


You could see an adder, a jackal and a friendly worm zombie.

Vanquished Creatures
  5 adders
  An ooze (D:1)
  2 worms (D:3)
  3 dart slugs
  A leopard gecko (D:2)
  A ball python (D:1)
  6 giant cockroaches
  8 goblins
  6 hobgoblins
  6 jackals
  6 bats
  5 frilled lizards (D:2)
  3 kobolds
  2 rats
55 creatures vanquished.

Vanquished Creatures (collateral kills)
  An adder (D:3)
  An orc (D:3)
2 creatures vanquished.

Grand Total: 57 creatures vanquished

Notes
Turn   | Place    | Note
-------+----------+-------------------------------------------
     0 | D:1      | ponk the Mummy Necromancer began the quest for the Orb.
     0 | D:1      | Reached XP level 1. HP: 13/13 MP: 3/3
    40 | D:1      | Learned a level 1 spell: Animate Skeleton
   222 | D:1      | Reached XP level 2. HP: 4/19 MP: 1/5
  1611 | D:1      | Reached XP level 3. HP: 19/24 MP: 6/6
  1837 | D:2      | Reached skill level 5 in Necromancy
  2251 | D:2      | Found a burning altar of Makhleb.
  2251 | D:2      | Noticed a cacodemon
  2255 | D:2      | Noticed a ynoxinul
  2255 | D:2      | Noticed an orange demon
  2287 | D:2      | Reached XP level 4. HP: 30/30 MP: 4/7
  2493 | D:2      | Found a faded altar of an unknown god.
  2493 | D:2      | Found a faded altar of an unknown god.
  2501 | D:2      | Found a faded altar of an unknown god.
  2504 | D:2      | Found a bloodstained altar of Trog.
  2506 | D:2      | Found a faded altar of an unknown god.
  2636 | D:2      | Learned a level 4 spell: Animate Dead
  3248 | D:3      | Found a faded altar of an unknown god.
  3491 | D:3      | Learned a level 1 spell: Summon Small Mammal
  4370 | D:3      | Slain by an adder

Skill      XL: |  1  2  3  4 |
---------------+-------------+-----
Necromancy     | 5 |  5.6
Spellcasting   | 3 |  3.0
Dodging        | |  1.6
Stealth        | |  1.6

Action                   |  1- 3 |  4- 6 || total
-------------------------+-------+-------++-------
Melee: Unarmed           |    23 |       ||    23
       Mace              |    31 |    31 ||    62
       Spear             |       |    57 ||    57
 Cast: Pain              |    60 |    46 ||   106
       Animate Skeleton  |     5 |     3 ||     8
       Animate Dead      |       |     8 ||     8
       Summon Small Mamm |       |     3 ||     3
  Use: Scroll            |     5 |     1 ||     6
 Stab: Distracted        |     1 |       ||     1
       Sleeping          |     1 |     1 ||     2
Armor: Robe              |    18 |    22 ||    40
Dodge: Dodged            |    50 |    58 ||   108
